 Dungeon Crawl Stone Soup version 0.30.1-6-gbe392663c4 (webtiles) character file.

Game seed: 15629633427610828128

1329 Kurtz the Cleaver (level 8, -11/46 HPs)
             Began as a Tengu Fighter on Sept 20, 2023.
             Killed from afar by Maggie (16 damage)
             ... with a bolt of fire
             ... on level 6 of the Dungeon.
             The game lasted 00:03:43 (4118 turns).

Kurtz the Cleaver (Tengu Fighter)                   Turns: 4118, Time: 00:03:44

Health: -11/46     AC: 10    Str: 18    XL:     8   Next: 60%
Magic:  9/9        EV: 10    Int:  9    God:
Gold:   274        SH:  5    Dex: 14    Spells: 7/7 levels left

rFire   . . .        a - +0 war axe
rCold   . . .        c - +0 buckler
rNeg    . . .        b - +0 scale mail
rPois   .            (helmet restricted)
rElec   .            (no cloak)
rCorr   .            u - +2 pair of gloves
SInv    .            (boots unavailable)
Will    .....        (no amulet) Stlth
                     (no ring)
HPRegen 0.27/turn    (no ring)
MPRegen 0.11/turn

%: no passive effects
@: mighty, flying quickly and evasively, mesmerised, quick
A: beak, talons 3, nimble flight
a: no special abilities


You were on level 6 of the Dungeon.
You visited 1 branch of the dungeon, and saw 6 of its levels.

You collected 274 gold pieces.

Inventory:

Hand Weapons
 a - a +0 war axe (weapon)
Missiles
 j - 5 poisoned darts
 p - 2 curare-tipped darts (quivered)
Armour
 b - a +0 scale mail (worn)
 c - a +0 buckler (worn)
 u - a +2 pair of gloves (worn)
Jewellery
 q - an amulet of magic regeneration
Wands
 e - a wand of iceblast (11)
 y - a wand of digging (3)
 A - a wand of polymorph (5)
 B - a wand of flame (17)
Scrolls
 g - 2 scrolls of enchant weapon {unknown}
 h - 4 scrolls of teleportation {unknown}
 k - 8 scrolls of identify {unknown}
 l - a scroll of vulnerability {unknown}
 o - a scroll of fog {unknown}
 v - a scroll of silence {unknown}
 w - a scroll of noise {unknown}
 x - a scroll of immolation {unknown}
Potions
 d - a potion of might
 i - 3 potions of curing {unknown}
 m - 2 potions of brilliance {unknown}
 n - 2 potions of resistance {unknown}
 r - 3 potions of attraction {unknown}
 s - a potion of heal wounds {unknown}
 t - a potion of berserk rage {unknown}
 z - a potion of mutation {unknown}


   Skills:
 - Level 3.0 Fighting
 * Level 11.3 Axes
 - Level 3.2 Armour
 - Level 3.0 Shields


You had 7 spell levels left.
You didn't know any spells.
Your spell library contained the following spells:

 Spells                   Type           Power      Damage    Failure   Level
 Stone Arrow              Conj/Erth      0%         3d7       99%         3
 Anguish                  Hex/Necr       0%         N/A       100%        4
 Cause Fear               Hex            0%         N/A       100%        4
 Petrify                  Tmut/Erth      0%         N/A       100%        4
 Lee's Rapid Deconstruct  Erth           0%         3d4*      100%        5
 Enfeeble                 Hex            0%         N/A       100%        7
 Summon Hydra             Summ           0%         N/A       100%        7


Dungeon Overview and Level Annotations

Branches:
Dungeon (6/15)
 Temple: D:4-7

Altars:
Makhleb
Qazlal
Uskayaw
Yredelemnul
Zin
The Shining One

Shops:
D:1 :

Annotations:
D:5 1 runed translucent door, turdburglar's ghost, novice DsTm
D:6 Maggie


Innate Abilities, Weirdness & Mutations

You have a beak for a mouth.
You have claws for feet.
Your magical nature lets you fly swiftly and evasively.


Message History

Maggie hits you with a +0 morningstar.
You hit Maggie but do no damage.
Maggie is lightly wounded.
Maggie hits you with a +0 morningstar.
You slash Maggie! You claw Maggie, but do no damage.
Maggie is moderately wounded.
You block Maggie's attack.
You hit Maggie but do no damage.
Maggie is moderately wounded.
Maggie barely misses you.
You slash Maggie! You peck Maggie.
Maggie is heavily wounded.
You break out of your daze.
Maggie hits you with a +0 morningstar.
You closely miss Maggie. Your kick misses Maggie. You peck Maggie.
Maggie is heavily wounded.
Maggie points at you and mumbles some strange words.
The bolt of fire hits you!!
* * * LOW HITPOINT WARNING * * *
You hit Maggie but do no damage. Your kick misses Maggie.
Maggie is heavily wounded.
Maggie hits you with a +0 morningstar.
* * * LOW HITPOINT WARNING * * *
You hit Maggie but do no damage. You claw Maggie, but do no damage.
You peck Maggie, but do no damage.
Maggie is heavily wounded.
Maggie hits you with a +0 morningstar.
* * * LOW HITPOINT WARNING * * *
It was a potion of cancellation.
You feel magically purged.
Maggie casts a spell.
Maggie attempts to bespell you!
You are mesmerised by Maggie!
You feel very mighty all of a sudden. You block Maggie's attack.
You slash Maggie! Your peck misses Maggie.
Maggie is severely wounded.
Maggie says, "Did Master Lance send you?"
Maggie casts a spell at you. The bolt of fire hits you!
You die...

################
#.......@@.(..(#
##.############.#
######...#########
...§.#...#.§.§.§##
_....'...'...._.#A
.§.§.#...#.☼.§.§##
######...#########
#### ##)## ###
##..# #.# ...


You could see Maggie (mesmerising).

Vanquished Creatures
  Eustachio (D:4)
  2 ogres (D:5)
  2 black bears (D:6)
  A kobold brigand (D:6)
  4 scorpions
  A howler monkey (D:6)
  A gnoll bouda (D:6)
  3 jellies
  3 iguanas
  9 gnolls (D:6)
  13 adders
  2 ufetubi (D:5)
  3 worms
  3 dart slugs
  8 orcs
  7 ball pythons
  9 endoplasms
  2 giant cockroaches
  3 hobgoblins
  2 jackals (D:3)
  17 kobolds
  4 quokkas
  3 bats
  A frilled lizard (D:3)
  6 goblins
  2 rats (D:2)
112 creatures vanquished.

Notes
Turn   | Place    | Note
-------+----------+-------------------------------------------
     0 | D:1      | Kurtz the Tengu Fighter began the quest for the Orb.
     0 | D:1      | Reached XP level 1. HP: 14/14 MP: 2/2
    75 | D:1      | Found Gucaitt's Book Shop.
   115 | D:1      | Reached skill level 3 in Axes
   115 | D:1      | Reached XP level 2. HP: 15/19 MP: 3/3
   278 | D:1      | Reached XP level 3. HP: 13/23 MP: 4/4
   441 | D:2      | Reached skill level 4 in Axes
   677 | D:2      | Reached XP level 4. HP: 28/28 MP: 5/5
   805 | D:2      | Reached skill level 5 in Axes
  1277 | D:3      | Gained mutation: Your magical nature lets you fly swiftly
                  | and evasively. [Tengu growth]
  1277 | D:3      | Reached XP level 5. HP: 32/32 MP: 6/6
  1868 | D:4      | Noticed Eustachio
  1877 | D:4      | Killed Eustachio
  1878 | D:4      | Reached skill level 7 in Axes
  1878 | D:4      | Reached XP level 6. HP: 33/37 MP: 7/7
  2048 | D:4      | Found a stormy altar of Qazlal.
  2106 | D:4      | Got the Anthology of Bedrock and the Congregation
  2477 | D:5      | Entered Level 5 of the Dungeon
  2519 | D:5      | Reached skill level 8 in Axes
  2521 | D:5      | Reached XP level 7. HP: 33/41 MP: 8/8
  2979 | D:5      | Found a burning altar of Makhleb.
  3061 | D:5      | Reached skill level 9 in Axes
  3071 | D:5      | Noticed turdburglar's ghost (novice DsTm)
  3072 | D:5      | Found a runed translucent door.
  3519 | D:6      | Reached skill level 10 in Axes
  3519 | D:6      | Reached XP level 8. HP: 30/46 MP: 9/9
  3952 | D:6      | Reached skill level 11 in Axes
  3961 | D:6      | Found a hide-covered altar of Uskayaw.
  3991 | D:6      | Found a glowing silver altar of Zin.
  4083 | D:6      | Found a basalt altar of Yredelemnul.
  4084 | D:6      | Found a glowing golden altar of the Shining One.
  4090 | D:6      | Noticed a profane servitor
  4099 | D:6      | Noticed Maggie
  4118 | D:6      | Killed from afar by Maggie

Illustrated notes

Levels and vault maps discovered:
D:1:      amcnicky_arrival_blooded_trapdoor, layout_basic,
          shapermc_ecumenical_altar_mp_urbaneastern, serial_aquarium,
          aquarium_bridge_straight [aquarium_subvault_bridge,
          aquarium_subvault_balcony, aquarium_subvault_bridge,
          aquarium_subvault_wall], aquarium_bridge_straight
          [aquarium_subvault_bridge, aquarium_subvault_balcony,
          aquarium_subvault_bridge, aquarium_subvault_wall],
          aquarium_window_fake, aquarium_window_corner, aquarium_window_1,
          aquarium_window_1, aquarium_view_2c, aquarium_pool_five, serial_shops,
          shop, minivault_23, serial_bayou_pond_e, hangedman_decor_growths,
          moated_statue, chequers_jeans
D:2:      layout_basic
D:3:      layout_loops_ring
D:4:      layout_rooms, nicolae_qazlal_scattered_showers,
          corexii_leaking_fountain, uniq_eustachio
D:5:      layout_loops_ring, lemuel_crystal_altar, gammafunk_ghost_grave
D:6:      layout_rooms, grunt_temple_overflow_holy_war,
          mainiacjoe_overflow_tiny_flanked, zin_statuary,
          gammafunk_temple_overflow_wave, uniq_maggie

Skill      XL: |  1  2  3  4  5  6  7  8 |
---------------+-------------------------+-----
Axes           | 3 4 5 7 8 10 11 | 11.3
Fighting       | |  3.0
Armour         | |  3.2
Shields        | |  3.0

Action                     |  1- 3 |  4- 6 |  7- 9 || total
---------------------------+-------+-------+-------++-------
  Melee: War axe           |    45 |   126 |   111 ||   282
         Peck              |     8 |    17 |    27 ||    52
         Kick              |     7 |    20 |    39 ||    66
  Throw: Dart              |       |     1 |    10 ||    11
         Throwing net      |       |       |     1 ||     1
    Use: Potion            |       |       |     2 ||     2
 Armour: Scale mail        |    23 |    53 |    46 ||   122
  Dodge: Dodged            |    18 |    51 |    50 ||   119
  Block: Buckler           |    10 |    26 |    20 ||    56
